 Dungeon Crawl Stone Soup version 0.32-a0-630-g46d191b0ed (webtiles) character file.

Game seed: 6685004883874133376

170 croobank the Ruffian (level 5, -1/35 HPs)
             Began as an Octopode Shapeshifter on Mar 6, 2024.
             Slain by Grinder (5 damage)
             ... while paralysed by Grinder
             ... on level 4 of the Dungeon.
             The game lasted 00:06:07 (2955 turns).

croobank the Ruffian (Octopode Shapeshifter)        Turns: 2955, Time: 00:06:07

Health: -1/35      AC:  1    Str: 14    XL:     5   Next: 50%
Magic:  5/5        EV:  2    Int: 14    God:
Gold:   128        SH:  0    Dex: 11    Spells: 4/4 levels left

rFire   . . .        l - +0 dagger (venom)
rCold   . . .        (no shield)
rNeg    . . .        (helmet currently unavailable)
rPois   .            (no amulet)
rElec   .            (no ring)
rCorr   .            (no ring)
SInv    .            (no ring)
Will    .....        (no ring)
Stlth   ++           (no ring)
HPRegen 0.25/turn    (no ring)
MPRegen 0.09/turn    (no ring)
                     (no ring)

%: no passive effects
@: paralysed, beast-form
A: beast (slay +2), almost no armour, amphibious, 8 rings, camouflage 1,
gelatinous body 1, (nimble swimmer 1), tentacles
a: Begin Untransformation


You were on level 4 of the Dungeon.
You were a hulking beast.
You visited 1 branch of the dungeon, and saw 4 of its levels.

You collected 128 gold pieces.

Inventory:

Hand Weapons
 l - a +0 dagger of venom (weapon)
 u - a +1 dagger of speed
Magical Staves
 d - a staff of earth
Talismans
 b - a beast talisman (active)
 c - a flux talisman
 p - a maw talisman
 q - a blade talisman
Wands
 h - a wand of charming (2)
 n - a wand of polymorph (5)
Scrolls
 f - 3 scrolls of teleportation {unknown}
 i - a scroll of revelation {unknown}
 j - a scroll of noise {unknown}
 k - a scroll of identify
 m - 2 scrolls of acquirement {unknown}
 o - 2 scrolls of blinking {unknown}
Potions
 a - a potion of lignification
 e - a potion of curing
 g - 2 potions of cancellation
 r - a potion of resistance {unknown}
 s - a potion of heal wounds {unknown}
 t - a potion of degeneration {unknown}


   Skills:
 + Level 2.6 Fighting
 + Level 3.2 Dodging
 + Level 3.9 Unarmed Combat
 + Level 3.8 Shapeshifting


You had 4 spell levels left.
You didn't know any spells.
Your spell library contained the following spells:

 Spells                   Type           Power      Damage    Failure   Level
 Slow                     Hex            0%         N/A       28%         1


Dungeon Overview and Level Annotations

Branches:
Dungeon (4/15)
 Temple: D:4-7

Altars:

Annotations:
D:4 Grinder


Innate Abilities, Weirdness & Mutations

You are a hulking beast.
Your limbs bulge with bestial killing power. (Slay +2)
You cannot wear most types of armour.
You are amphibious.
You can wear up to eight rings at the same time.
Your skin changes colour to match your surroundings (Stealth+).
Your rubbery body absorbs attacks. (AC +1, EV +1)
((You are camouflaged when in or above water. (Stealth+)))
You have tentacles for arms and can constrict up to eight enemies at once.


Message History

No target in view!
You start resting.
HP restored.
You open the door.
Found a stone staircase leading down.
Found a stone staircase leading up.
A ribbon worm comes into view.
A ribbon worm is nearby!
There is a stone staircase leading up here.
You hit the ribbon worm. You grab the ribbon worm. You squeeze the ribbon worm!
You kill the ribbon worm!
No target in view!
No target in view!
You see here a ribbon worm corpse.
Grinder comes into view.
The helpless Grinder fails to defend herself.
You hit Grinder. You grab Grinder.
Grinder is lightly wounded.
You constrict Grinder. Grinder hits you.
You writhe in agony.
Okay, then.
Okay, then.
Okay, then.
You barely miss Grinder.
Grinder is lightly wounded.
You constrict Grinder. Grinder hits you.
You hit Grinder.
Grinder is poisoned.
You squeeze Grinder.
Grinder is heavily wounded.
You constrict Grinder. Grinder hits you!
You writhe in agony.
You hit Grinder.
Grinder looks even sicker.
You squeeze Grinder.
Grinder is severely wounded.
You constrict Grinder. Grinder gestures at you.
You suddenly lose the ability to move!
You lose your grip on Grinder.
Grinder hits you!
* * * LOW HITPOINT WARNING * * *
You writhe in agony.
* * * LOW HITPOINT WARNING * * *
Grinder hits you.
You die...
Grinder says, "Now the real fun starts!"

#.....# #.....#
#.....###
#####†...#####
....<##.#....#
.....##.#.##.######
.....+..#.#.......#
.....####.#..####.#
.....# #...###5h.#
.....######.# #.###
#####.......# #.
#.####### #.
#####.....# #.
..>....##.# #.
####...# #. #.###
.. #.#######


You could see Grinder (very poisoned).

Vanquished Creatures
  3 orc wizards
  A river rat (D:4)
  2 adders (D:3)
  2 dart slugs
  2 ribbon worms
  5 orcs
  5 ball pythons
  7 bats
  3 endoplasms
  A giant cockroach (D:2)
  5 goblins
  A hobgoblin (D:1)
  3 jackals (D:1)
  2 quokkas
  3 frilled lizards
  6 kobolds
  5 rats
56 creatures vanquished.

Notes
Turn   | Place    | Note
-------+----------+-------------------------------------------
     0 | D:1      | croobank the Octopode Shapeshifter began the quest for the
                  | Orb.
     0 | D:1      | Reached XP level 1. HP: 13/13 MP: 1/1
    32 | D:1      | Reached XP level 2. HP: 4/18 MP: 2/2
   469 | D:1      | Reached XP level 3. HP: 23/23 MP: 3/3
  1338 | D:2      | Found a faded altar of an unknown god.
  1349 | D:2      | Got Plato's Atlas of Maleficia
  1850 | D:3      | Reached XP level 4. HP: 25/29 MP: 4/4
  2181 | D:3      | Identified the +0 leather armour of Death Resistance
                  | {Rampage Will- MP+9 Dex+5}
  2556 | D:3      | HP: 1/29 [orc wizard/magic dart (8)]
  2559 | D:3      | Reached XP level 5. HP: 11/35 MP: 5/5
  2948 | D:4      | Noticed Grinder
  2953 | D:4      | Paralysed by Grinder for 5 turns
  2955 | D:4      | Slain by Grinder

Illustrated notes

Levels and vault maps discovered:
D:1:      eino_arrival_druids_welcome, layout_loops_cross,
          corexii_hall_statues_x
D:2:      layout_basic, shapermc_ecumenical_altar_rom_forum, feat_on_display
D:3:      layout_basic
D:4:      layout_basic, lemuel_crystal_altar, minmay_temple_entry_tees,
          gammafunk_ghost_cemetery, uniq_grinder

Skill      XL: |  1  2  3  4 |
---------------+-------------+-----
Fighting       | 2 |  2.6
Dodging        | 3 |  3.2
Unarmed Combat | |  3.9
Shapeshifting  | |  3.8

Action                     |  1- 3 |  4- 6 || total
---------------------------+-------+-------++-------
  Melee: Unarmed           |    33 |       ||    33
         Constrict         |    17 |    10 ||    27
         Tentacles         |    11 |     9 ||    20
         Dagger            |    28 |    54 ||    82
  Evoke: Wand              |       |     2 ||     2
    Use: Scroll            |     3 |       ||     3
         Potion            |       |     2 ||     2
   Stab: Sleeping          |    10 |     2 ||    12
 Armour: Skin              |    30 |    38 ||    68
  Dodge: Dodged            |    24 |    40 ||    64

Table legend: (Time is in decaauts)
 A = Elapsed time spent in this place.
 B = Non-inter-level travel time spent in this place.
 C = Inter-level travel time spent in this place.
 D = Time resting spent in this place.
 E = Time spent auto-exploring this place.
 F = Levels seen in this place.
 G = Mean time per level.
                   A        B        C        D        E       F      G
               +--------+--------+--------+--------+--------+-----+--------+
         Total |   2958 |   2805 |    153 |    588 |   1787 |   4 |  739.5 |
       Dungeon |   2958 |   2805 |    153 |    588 |   1787 |   4 |  739.5 |
               +--------+--------+--------+--------+--------+-----+--------+

Top non-repeatable levels by time:
     D:3: 1132 daAuts
     D:1: 841 daAuts
     D:2: 765 daAuts
     D:4: 218 daAuts
